 Dungeon Crawl Stone Soup version 0.22-a0-799-g88f5e90 (webtiles) character file.

359314 Mgcat the Severer (level 21, -6/190 HPs)
             Began as a Demonspawn Fighter on July 20, 2018.
             Was the Champion of Jiyva.
             Killed by divine providence
             ... invoked by a daeva
              (15 damage)
             ... on level 1 of the Depths on July 21, 2018.
             The game lasted 02:31:54 (44817 turns).

Mgcat the Severer (Demonspawn Fighter)             Turns: 44817, Time: 02:31:55

Health: -6/190     AC: 54    Str: 44    XL:     21   Next: 10%
Magic:  0/30       EV: 30    Int:  6    God:    Jiyva [******]
Gold:   1192       SH: 18    Dex: 31    Spells: 20/20 levels left

rFire    + + +     SeeInvis +   K - +5 broad axe (chop)
rCold    + + .     Gourm    .   c - +0 shield
rNeg     + + +     Faith    .   I - +9 chain mail "Keunox" {Dex+2}
rPois    +         Spirit   +   (helmet unavailable)
rElec    .         Reflect  .   o - +2 ratskin cloak {+Rats rPois rN+ Str-1 Int-1 Dex+1}
rCorr    +         Harm     .   H - +2 pair of gloves
MR       +++..     Clarity  +   N - +0 pair of boots of Divine Compulsion {*Contam +Inv rN+++ Stlth-} (curse)
Stlth    ..........             k - amulet "Byiv Ohyciq" {+Rage MR+ Str+5 Int+6}
HPRegen  0.81/turn              Z - ring of Cerhair {rF+ rC+ Str+4 Dex+4 Stlth-}
MPRegen  0.22/turn              q - ring of Dikuh {+Fly MR+ SInv}

@: mighty, agile, slimy, sanguine armour, very slightly contaminated, glowing
A: antennae 3, blurry vision 1, clarity, cold resistance 1, fire resistance 2,
icemail, regeneration 1, robust 1, shaggy fur 1, strong 1, magic shield,
freezing cloud immunity, sanguine armour 3
}: 3/15 runes: barnacled, slimy, gossamer
a: Request Jelly, Slimify, Cure Bad Mutation, Renounce Religion, Evoke Ratskin,
Evoke Berserk Rage, Evoke Invisibility, Evoke Flight


You were on level 1 of the Depths.
You worshipped Jiyva.
Jiyva was exalted by your worship.
You were very full.

You visited 10 branches of the dungeon, and saw 44 of its levels.
You also visited: Labyrinth and Ice Cave.

You collected 2879 gold pieces.
You spent 1687 gold pieces at shops.

Inventory:

Hand Weapons
 K - a +5 broad axe of chopping (weapon)
   (You took it off an orc warrior on level 2 of the Orcish Mines)
Missiles
 F - 4 throwing nets {=f, !d}
Armour
 c - a +0 shield (worn)
 g - a +2 plate armour of poison resistance
   (You took it off an orc warrior on level 10 of the Dungeon)
 o - the +2 ratskin cloak (worn) {+Rats rPois rN+ Str-1 Int-1 Dex+1}
   (You found it on level 4 of the Vaults)

   It affects your strength (-1).
   It affects your intelligence (-1).
   It affects your dexterity (+1).
   It protects you from poison.
   It protects you from negative energy.
 H - a +2 pair of gloves (worn)
   (You found it on level 10 of the Dungeon)
 I - the +9 chain mail "Keunox" (worn) {Dex+2}
   (You found it on level 4 of the Shoals)

   It affects your dexterity (+2).
 L - a scarf of repulsion
   (You found it on level 2 of the Lair of Beasts)
 N - the cursed +0 pair of boots of Divine Compulsion (worn) {*Contam +Inv rN+++ Stlth-}
   (You found it on level 4 of the Shoals)

   It renders you almost immune to negative energy.
   It lets you turn invisible.
   It causes magical contamination when unequipped.
   It makes you less stealthy.
   It has a curse placed upon it.
 W - a +0 large shield
   (You took it off Louise on level 4 of the Shoals)
Jewellery
 k - the amulet "Byiv Ohyciq" (around neck) {+Rage MR+ Str+5 Int+6}
   (You bought it in a shop on level 2 of the Orcish Mines)

   [amulet of rage]

   It affects your strength (+5).
   It affects your intelligence (+6).
   It affects your resistance to hostile enchantments.
   It lets you go berserk.
 q - the ring of Dikuh (right hand) {+Fly MR+ SInv}
   (You found it on level 2 of the Spider Nest)

   [ring of see invisible]

   It affects your resistance to hostile enchantments.
   It lets you see invisible.
   It lets you fly.
 D - the ring "Huxeosic" {rElec rPois MP+9 Str-5 Stlth+}
   (You found it on level 5 of the Pits of Slime)

   [ring of poison resistance]

   It affects your strength (-5).
   It insulates you from electricity.
   It protects you from poison.
   It affects your magic capacity (+9).
   It makes you more stealthy.
 Z - the ring of Cerhair (left hand) {rF+ rC+ Str+4 Dex+4 Stlth-}
   (You took it off a merfolk on level 4 of the Shoals)

   [ring of protection from fire]

   It affects your strength (+4).
   It affects your dexterity (+4).
   It protects you from fire.
   It protects you from cold.
   It makes you less stealthy.
Wands
 b - a wand of scattershot (6)
   (You took it off Maurice on level 11 of the Dungeon)
 A - a wand of clouds (2)
   (You found it on level 2 of the Spider Nest)
 B - a wand of iceblast (11)
   (You found it on level 3 of the Lair of Beasts)
 P - a wand of digging (26)
   (You found it on level 5 of the Lair of Beasts)
Scrolls
 e - 18 scrolls of teleportation
 h - a scroll of summoning
 j - 15 scrolls of identify
 l - 5 scrolls of remove curse
 u - 3 scrolls of torment {!r}
 w - 3 scrolls of magic mapping {!r}
 z - 3 scrolls of fog
 G - 3 scrolls of blinking {!r}
 M - 3 scrolls of amnesia
 S - 2 scrolls of immolation {!r}
 V - 4 scrolls of enchant armour
Potions
 d - 4 potions of brilliance
 i - 9 potions of mutation {!q}
 m - 3 potions of curing
 r - a potion of invisibility
 s - 5 potions of magic
 C - 8 potions of flight
 E - a potion of berserk rage {!q}
 O - 2 potions of ambrosia
Miscellaneous
 n - a phial of floods
   (You found it on level 11 of the Dungeon)
 p - a phantom mirror
 t - a lightning rod (4/4)
   (You found it on level 6 of the Lair of Beasts)
 v - a box of beasts
 Q - a fan of gales
   (You found it on level 4 of the Lair of Beasts)
 X - a sack of spiders
Comestibles
 f - 48 rations
 x - 20 chunks of flesh {@w0}


   Skills:
 + Level 16.8 Fighting
 + Level 18.2 Axes
 + Level 14.1 Armour
 + Level 14.1 Dodging
 + Level 14.1 Shields
 + Level 12.1 Evocations


You had 20 spell levels left.
You didn't know any spells.
Your spell library contained the following spells:

 Spells                   Type           Power        Failure   Level  Hunger
 Cause Fear               Hex            #.........   100%        4    #####..
 Magic Dart               Conj           #...         78%         1    ##.....
 Apportation              Tloc           #.....       78%         1    ##.....
 Conjure Flame            Conj/Fire      #.......     98%         3    ####...
 Bolt of Cold             Conj/Ice       #.........   100%        6    #######
 Slow                     Hex            #.......     89%         2    ###....
 Confuse                  Hex            #.......     98%         3    ####...
 Throw Flame              Conj/Fire      #.....       89%         2    ###....
 Freezing Cloud           Conj/Ice/Air   #.........   100%        6    #######
 Mephitic Cloud           Conj/Pois/Air  #.......     98%         3    ####...
 Blink                    Tloc           N/A          89%         2    ###....
 Ozocubu's Refrigeration  Ice            #.........   100%        6    #######
 Call Imp                 Summ           #.......     89%         2    ###....
 Stone Arrow              Conj/Erth      #.....       98%         3    ####...
 Spider Form              Tmut/Pois      #.........   98%         3    ####...
 Blade Hands              Tmut           #.........   100%        5    ######.
 Statue Form              Tmut/Erth      #........    100%        6    #######
 Ice Form                 Ice/Tmut       #.......     100%        4    #####..
 Dragon Form              Tmut           #.........   100%        7    #######
 Deflect Missiles         Chrm/Air       #.........   100%        6    #######
 Confusing Touch          Hex            #.....       78%         1    ##.....
 Passwall                 Tmut/Erth      #.......     89%         2    ###....
 Sticks to Snakes         Tmut           #.......     89%         2    ###....
 Metabolic Englaciation   Hex/Ice        #.........   100%        5    ######.
 Silence                  Hex/Air        #.........   100%        5    ######.
 Corona                   Hex            #......      78%         1    ##.....
 Lee's Rapid Deconstruct  Erth           #.........   100%        5    ######.
 Sandblast                Erth           #.....       78%         1    ##.....
 Simulacrum               Ice/Necr       #.........   100%        6    #######
 Conjure Ball Lightning   Conj/Air       #.........   100%        6    #######
 Portal Projectile        Hex/Tloc       #.....       98%         3    ####...
 Petrify                  Tmut/Erth      #.......     100%        4    #####..
 Tornado                  Air            #.........   100%        9    #######
 Leda's Liquefaction      Hex/Erth       #.........   100%        4    #####..
 Inner Flame              Hex/Fire       #.......     98%         3    ####...
 Beastly Appendage        Tmut           #.....       78%         1    ##.....
 Fulminant Prism          Conj/Hex       #.........   100%        4    #####..
 Force Lance              Conj/Tloc      #.......     100%        4    #####..
 Discord                  Hex            #.........   100%        8    #######
 Summon Forest            Summ/Tloc      #.........   100%        5    ######.
 Summon Lightning Spire   Summ/Air       #.......     100%        4    #####..
 Hydra Form               Tmut           #.........   100%        6    #######
 Irradiate                Conj/Tmut      #.........   100%        5    ######.
 Gell's Gravitas          Tloc           #.........   98%         3    ####...
 Yara's Violent Unravell  Hex/Tmut       #.........   100%        5    ######.
 Lesser Beckoning         Tloc           #.........   98%         3    ####...


Dungeon Overview and Level Annotations

Branches:
Dungeon (15/15)            Temple (1/1) D:7            Lair (6/6) D:11
 Shoals (4/4) Lair:4       Spider (4/4) Lair:4        Slime (5/5) Lair:6
    Orc (2/2) D:10            Elf (2/3) Orc:2        Vaults (4/5) D:14
  Crypt (0/3) Vaults:3     Depths (1/5) D:15

Altars:
Ashenzari
Cheibriados
Dithmenos
Elyvilon
Fedhas
Gozag
Hepliaklqana
Kikubaaqudgha
Makhleb
Nemelex Xobeh
Okawaru
Qazlal
Ru
Sif Muna
Trog
Uskayaw
Vehumet
Wu Jian
Xom
Yredelemnul
Zin
The Shining One
Beogh
Jiyva

Shops:
Orc:2 [=?   Elf:1 [[*   Vaults:2 ::[[   Vaults:4 [

Portals:
Hell: Depths:1

Annotations:
D:10 1 runed door, ThereIsNoGod's ghost, journeyman TrMo
Lair:3 3 runed doors, Kufareon's ghost, journeyman OpFi
Slime:5 Royal Jelly
Elf:1 3 runed doors
Depths:1 2 exclusions


Innate Abilities, Weirdness & Mutations

You have a pair of large antennae on your head. (SInv)
Your flesh is cold resistant. (rC+)
A meltable icy envelope protects you from harm. (AC +10)
When hurt, damage is shared between your health and your magic reserves.
You are immune to freezing clouds.
When seriously injured, your bleeding wounds create very thick armour. (AC +12)
Scrolls take you a little longer to read.
You possess an exceptional clarity of mind.
Your flesh is very heat resistant. (rF++)
Your natural rate of healing is unusually fast.
You are robust. (+10% HP)
You are covered in fur. (AC +1)
Your muscles are strong. (Str +2)


Message History

The daeva calls down the wrath of the Shining One upon you.
The Shining One smites you!
You feel very mighty all of a sudden. You block the daeva's attack.
The daeva hits you but does no damage. The daeva blocks your attack.
The daeva is heavily wounded.
The daeva hits you but does no damage. You block the daeva's attack.
You hit the daeva but do no damage.
The daeva is heavily wounded.
The daeva blocks your attack.
The daeva is heavily wounded.
You block the daeva's attack. x2
The daeva blocks your attack.
The daeva is heavily wounded.
You block the daeva's attack. The daeva completely misses you.
The daeva blocks your attack.
The daeva is heavily wounded.
You closely miss the daeva.
The daeva is heavily wounded.
The daeva hits you with an eudemon blade of holy wrath!
* * * LOW HITPOINT WARNING * * *
You convulse.
* * * LOW HITPOINT WARNING * * *
The daeva misses you.
You are confused.
You feel invigorated. The daeva completely misses you. x2
You bump into the rock wall.
The daeva closely misses you. The daeva completely misses you.
The daeva blocks your attack.
The daeva is heavily wounded.
The daeva hits you but does no damage. The daeva completely misses you.
You bump into the crystal wall.
The daeva hits you with an eudemon blade of holy wrath!
* * * LOW HITPOINT WARNING * * *
You convulse!
* * * LOW HITPOINT WARNING * * *
The daeva completely misses you. The daeva blocks your attack.
The daeva is heavily wounded.
You're too confused to move!
The daeva hits you with an eudemon blade of holy wrath!
* * * LOW HITPOINT WARNING * * *
You convulse.
* * * LOW HITPOINT WARNING * * *
The daeva hits you but does no damage. The daeva blocks your attack.
The daeva is heavily wounded.
The daeva hits you with an eudemon blade of holy wrath!!
* * * LOW HITPOINT WARNING * * *
You convulse!!
* * * LOW HITPOINT WARNING * * *
The daeva hits you but does no damage. The daeva blocks your attack.
The daeva is heavily wounded.
You bump into the rock wall.
The daeva misses you.
The daeva hits you with an eudemon blade of holy wrath.
* * * LOW HITPOINT WARNING * * *
You convulse!
* * * LOW HITPOINT WARNING * * *
Okay, then.
You're too confused!
You're too confused!
You're too confused!
You bump into the rock wall.
The daeva hits you but does no damage.
The daeva hits you with an eudemon blade of holy wrath!
* * * LOW HITPOINT WARNING * * *
You convulse!
* * * LOW HITPOINT WARNING * * *
Unknown command.
Unknown command.
Unknown command.
You bump into the rock wall.
You feel less invigorated.
You feel less confused.
The daeva calls down the wrath of the Shining One upon you.
The Shining One smites you!
* * * LOW HITPOINT WARNING * * *
Unknown command.
Really read
G - 3 scrolls of blinking {!r}?
Really read with blurry vision while enemies are nearby? [Y]es or [N]o only, please.
Really read with blurry vision while enemies are nearby? [Y]es or [N]o only, please.
Really read with blurry vision while enemies are nearby? [Y]es or [N]o only, please.
Really read with blurry vision while enemies are nearby?
Okay, then.
Unknown command.
Okay, then.
Unknown command.
Unknown command.
Unknown command.
Okay, then.
Unknown command.
A thick mucus forms on your +5 broad axe of chopping.
You block the daeva's attack. The daeva hits you but does no damage.
You slice the daeva!!
The daeva is severely wounded.
The daeva calls down the wrath of the Shining One upon you.
The Shining One smites you!
You die...

{ .#.. ># ##..#####.#
#.........###
#....#......#.....#
#......#.#..|.....###.
..... ..#.##.!......)
.. #...#
#.#..##C'#####
..##...# #.##.##A#
..##...# #.##.##@# {{
..##...# #^##..#.# {{
..##...###.###.#.# {{
..##.............#{
............###.^# {
............# #..##
............# #...#
....∩.......# #...#
............###...#


You could see a daeva and a stone giant.

Vanquished Creatures
  Mara (Vaults:3)
  Jorgrun (Depths:1)
  A lich (Vaults:4)
  Rupert (D:15)
  A deep elf blademaster (Elf:2)
  A kraken (Shoals:4)
  A shadow dragon (Vaults:4)
  6 vault wardens
  4 frost giants
  2 deep elf sorcerers
  3 ghost moths (Spider:4)
  10 emperor scorpions
  2 angels (Depths:1)
  Louise (Shoals:4)
  5 very ugly things
  8 entropy weavers
  4 stone giants
  9 ironheart preservers
  A dire elephant (Lair:6)
  A deep elf demonologist (Vaults:2)
  A minotaur (Lab)
  2 deep elf annihilators
  4 ettins
  4 deep elf death magi
  4 merfolk javelineers
  A fire dragon (Vaults:3)
  9 yaktaur captains
  8 merfolk impalers
  A rakshasa (Vaults:1)
  3 ice dragons
  8 vault guards
  4 ghost crabs (Lair:4)
  7 hydras
  Erica (Lair:1)
  A catoblepas (Lair:6)
  4 merfolk aquamancers
  2 merfolk avatars (Shoals:4)
  2 alligator snapping turtles
  A satyr (Shoals:4)
  8 centaur warriors
  11 ogre magi
  2 tengu warriors (D:15)
  22 dancing weapons
  19 death yaks
  2 vampire magi (Vaults:3)
  2 death knights
  3 deep troll shamans
  39 two-headed ogres
  2 deep troll earth magi
  4 orc high priests (Orc:2)
  Nergalle (Lair:4)
  19 deep elf knights
  Sonja (Orc:2)
  9 skeletal warriors
  4 fire crabs (Lair:4)
  A shadow wraith (Vaults:4)
  10 sea snakes
  2 unseen horrors
  2 salamander mystics (Depths:1)
  9 deep trolls
  8 ironbrand convokers
  2 wizards
  An oklob plant (Lair:5)
  4 deep elf archers
  10 harpies
  A harpy (shapeshifter) (Vaults:1)
  25 orb spiders
  9 orc knights
  A phantasmal warrior (Vaults:4)
  49 ugly things
  7 salamanders (Depths:1)
  5 orc sorcerers
  47 deep elf magi
  29 wolf spiders
  A moth of wrath (Spider:3)
  8 cyclopes
  11 manticores
  7 fauns (Shoals:1)
  4 water nymphs
  8 vault sentinels
  4 elephants (Lair:6)
  A guardian serpent (shapeshifter) (Vaults:3)
  Maurice (D:11)
  5 black mambas
  An apocalypse crab (Lair:4)
  2 ice statues (IceCv)
  8 merfolk sirens
  A torpor snail (Lair:6)
  8 spiny frogs
  2 kobold demonologists
  3 gargoyles
  An efreet (D:15)
  13 demonic crawlers
  8 komodo dragons
  A tengu conjurer (D:15)
  27 yaktaurs
  4 freezing wraiths
  11 trolls
  A meliai (shapeshifter) (Vaults:4)
  3 harpy zombies (Shoals:3)
  24 merfolk
  4 hornets
  13 polar bears
  40 jumping spiders
  4 tyrant leeches (Spider:2)
  A hippogriff (shapeshifter) (Vaults:1)
  A sphinx simulacrum (Vaults:1)
  11 snapping turtles
  Prince Ribbit (D:5)
  4 wind drakes
  5 dream sheep
  4 blink frogs (Lair:6)
  10 hippogriffs
  Sigmund (D:2)
  21 tarantellas
  62 redbacks
  A spriggan (shapeshifter) (Vaults:2)
  A vampire (D:15)
  41 yaks
  11 water elementals
  Grum (Lair:1)
  A basilisk (shapeshifter) (Vaults:3)
  4 wraiths
  A fire elemental (Elf:2)
  3 wyverns
  A basilisk (Lair:4)
  A hog (D:15)
  A steam dragon (D:15)
  2 hungry ghosts
  Menkaure (D:5)
  4 wargs (Orc:2)
  2 acid dragons
  12 water moccasins
  2 small abominations (D:9)
  7 porcupines
  5 ice beasts
  2 orc zombies (Vaults:1)
  4 sky beasts
  46 orc warriors
  4 black bears
  A necrophage (D:10)
  2 phantoms
  20 wolves
  17 centaurs
  38 ogres
  8 boggarts
  A human skeleton (Vaults:1)
  13 crocodiles
  2 hippogriff zombies (Shoals:3)
  Blork the orc (D:5)
  A big kobold (shapeshifter) (Vaults:1)
  5 big kobolds
  13 bullfrogs
  4 earth elementals (Spider:2)
  A wyvern zombie (D:7)
  An ogre simulacrum (Vaults:1)
  6 scorpions
  12 killer bees
  14 wights
  2 electric eels
  3 howler monkeys
  8 crimson imps
  A bullfrog zombie (D:11)
  7 hounds
  2 centaur zombies
  2 centaur skeletons
  4 jellies
  27 orc priests
  A bullfrog skeleton (D:11)
  Crazy Yiuf (D:2)
  16 orc wizards
  14 worker ants
  6 iguanas
  7 hell rats
  3 hound zombies
  A hound skeleton (D:9)
  A howler monkey zombie (D:7)
  7 gnolls
  A howler monkey skeleton (D:4)
  A river rat (D:11)
  25 adders
  3 shadow imps
  6 white imps (D:14)
  3 oozes
  3 adder skeletons
  5 worms
  5 leopard geckos
  140 orcs
  11 giant cockroaches
  12 hobgoblins
  12 jackals
  41 kobolds
  11 quokkas
  2 ball pythons
  13 bats
  A frilled lizard (D:1)
  12 goblins
  2 leopard gecko skeletons
  A quokka zombie (D:8)
  15 rats
  4 fungi
  8 plants
1618 creatures vanquished.

Vanquished Creatures (collateral kills)
  Saint Roka (Orc:2)
  A hippogriff (D:11)
2 creatures vanquished.

Vanquished Creatures (others)
  5 acid blobs (Slime:5)
  Kirke (D:15)
  A two-headed ogre (Vaults:4)
  A shadow wraith (Vaults:4)
  A glowing orange brain (Vaults:1)
  A glowing orange brain (shapeshifter) (D:15)
  A necromancer (Vaults:1)
  An orc knight (Vaults:1)
  2 deep elf magi (Elf:1)
  A cyclops (Vaults:1)
  A shining eye (Slime:5)
  A faun (Shoals:1)
  A centaur zombie (D:15)
  2 merfolk sirens
  A kobold demonologist (D:14)
  A yaktaur (Vaults:4)
  A meliai (shapeshifter) (Depths:1)
  A jumping spider (Spider:1)
  A merfolk (Shoals:1)
  41 slime creatures
  A hornet (Vaults:1)
  A redback (Spider:3)
  A human (shapeshifter) (Vaults:1)
  A hog (D:15)
  A water moccasin (Lair:6)
  3 orc warriors (Vaults:1)
  A black bear (shapeshifter) (Vaults:1)
  An eye of draining (Slime:5)
  A centaur (Shoals:4)
  A bullfrog (D:13)
  A big kobold (D:13)
  258 jellies
  A human simulacrum (Vaults:2)
  A hound (D:12)
  6 orc priests
  An orc wizard (Vaults:1)
  6 white imps (D:14)
  11 orcs
  5 kobolds
  4 fungi
  9 plants
  4 tentacles (Shoals:4)
385 creatures vanquished.

Grand Total: 2005 creatures vanquished

Notes
Turn   | Place    | Note
-------+----------+-------------------------------------------
     0 | D:1      | Mgcat the Demonspawn Fighter began the quest for the Orb.
     0 | D:1      | Reached XP level 1. HP: 18/18 MP: 1/1
   219 | D:1      | Reached skill level 2 in Axes
   219 | D:1      | Gained mutation: When seriously injured, your bleeding wounds create armour. (AC +12) [demonic ancestry]
   219 | D:1      | Reached XP level 2. HP: 20/24 MP: 2/2
   494 | D:1      | Gained mutation: You have a pair of small antennae on your head. [demonic ancestry]
   494 | D:1      | Reached XP level 3. HP: 19/29 MP: 3/3
   499 | D:1      | Reached skill level 1 in Dodging
   500 | D:1      | Reached skill level 3 in Armour
   726 | D:1      | Reached skill level 3 in Shields
   847 | D:2      | Noticed Sigmund
   867 | D:2      | HP: 6/29 [Sigmund/scythe of protection (6)]
   870 | D:2      | Killed Sigmund
   870 | D:2      | Reached skill level 2 in Dodging
   870 | D:2      | Reached XP level 4. HP: 9/37 MP: 4/4
   870 | D:2      | Gained mutation: When seriously injured, your bleeding wounds create thick armour. (AC +12) [demonic ancestry]
   870 | D:2      | Reached XP level 5. HP: 10/42 MP: 5/5
  1051 | D:2      | Found a runed door.
  1285 | D:2      | You fall through a shaft for 2 floors!
  1319 | D:3      | Reached skill level 4 in Fighting
  1319 | D:3      | Reached skill level 3 in Axes
  1322 | D:3      | Gained mutation: You have a pair of antennae on your head. [demonic ancestry]
  1322 | D:3      | Reached XP level 6. HP: 25/48 MP: 6/6
  2029 | D:2      | Noticed Crazy Yiuf
  2038 | D:2      | Killed Crazy Yiuf
  2452 | D:3      | Reached skill level 4 in Armour
  2871 | D:3      | Found a hide-covered altar of Uskayaw.
  2871 | D:3      | Found a faded altar of an unknown god.
  2877 | D:3      | Found an iron altar of Okawaru.
  2879 | D:3      | Found a shattered altar of Ashenzari.
  2881 | D:3      | Found a sacrificial altar of Ru.
  3007 | D:4      | Reached skill level 4 in Shields
  3007 | D:4      | Gained mutation: Your flesh is cold resistant. (rC+) [demonic ancestry]
  3007 | D:4      | Reached XP level 7. HP: 53/55 MP: 7/7
  3198 | D:4      | Reached skill level 3 in Dodging
  3747 | D:4      | Found a deep blue altar of Sif Muna.
  3884 | D:5      | Entered Level 5 of the Dungeon
  3944 | D:5      | Reached skill level 4 in Axes
  4219 | D:5      | Reached skill level 5 in Fighting
  4384 | D:5      | Reached XP level 8. HP: 52/62 MP: 8/8
  4429 | D:5      | Noticed Prince Ribbit
  4445 | D:5      | Gained mutation: You can translocate small distances at will. [potion of mutation]
  4445 | D:5      | Gained mutation: You possess an exceptional clarity of mind. [potion of mutation]
  4458 | D:5      | Killed Prince Ribbit
  4604 | D:5      | Noticed Blork the orc
  4620 | D:5      | Killed Blork the orc
  4620 | D:5      | Reached skill level 5 in Armour
  4620 | D:5      | Reached skill level 4 in Dodging
  4906 | D:5      | Noticed Menkaure
  4916 | D:5      | Killed Menkaure
  4916 | D:5      | Reached skill level 5 in Shields
  5670 | D:6      | Reached skill level 5 in Axes
  5683 | D:6      | Found a white marble altar of Elyvilon.
  5968 | D:6      | Reached skill level 5 in Dodging
  6063 | D:6      | Got a scintillating turquoise ring
  6065 | D:6      | Identified the ring of Doubts {rN+ Dex+7 SInv} (You found it on level 6 of the Dungeon)
  6465 | D:6      | Reached skill level 6 in Axes
  6611 | D:7      | Gained mutation: When hurt, damage is shared between your health and your magic reserves. [demonic ancestry]
  6611 | D:7      | Reached XP level 9. HP: 58/68 MP: 9/9
  6715 | D:7      | Reached skill level 7 in Axes
  6845 | D:7      | Found a staircase to the Ecumenical Temple.
  6981 | D:7      | Reached skill level 8 in Axes
  7540 | Temple   | Entered the Ecumenical Temple
  7865 | D:8      | Reached skill level 9 in Axes
  8698 | D:8      | Reached skill level 10 in Axes
  8698 | D:8      | Reached XP level 10. HP: 74/74 MP: 10/10
  9762 | D:9      | Noticed a cyclops
  9774 | D:9      | Killed a cyclops
  9774 | D:9      | Reached skill level 11 in Axes
  9929 | D:9      | Noticed a wizard
  9930 | D:9      | Noticed a large abomination
  9941 | D:9      | Killed a wizard
 10197 | D:10     | Entered Level 10 of the Dungeon
 10228 | D:10     | Reached skill level 12 in Axes
 10258 | D:10     | Noticed a two-headed ogre
 10268 | D:10     | Killed a two-headed ogre
 10446 | D:10     | Found a roughly hewn altar of Beogh.
 10446 | D:10     | Found a staircase to the Orcish Mines.
 10455 | D:10     | Reached skill level 1 in Evocations
 10479 | D:10     | Gained mutation: You are immune to freezing clouds. [demonic ancestry]
 10479 | D:10     | Reached XP level 11. HP: 38/79 MP: 8/12
 10486 | D:10     | HP: 18/79 [orc priest/divine providence (7)]
 10492 | D:10     | HP: 28/118 [orc warrior/short sword (1)]
 10521 | D:10     | Reached skill level 2 in Evocations
 10985 | D:10     | Reached skill level 3 in Evocations
 11222 | D:10     | Found a runed door.
 11227 | D:10     | Noticed ThereIsNoGod's ghost (journeyman TrMo)
 11479 | D:11     | Noticed Maurice
 11487 | D:11     | Reached skill level 4 in Evocations
 11502 | D:11     | Killed Maurice
 11502 | D:11     | Reached skill level 13 in Axes
 11817 | D:11     | Found a white marble altar of Elyvilon.
 11914 | D:11     | Noticed a two-headed ogre
 11919 | D:11     | Noticed a purple ugly thing
 11924 | D:11     | Killed a two-headed ogre
 11924 | D:11     | Reached skill level 5 in Evocations
 11931 | D:11     | Killed a purple ugly thing
 12088 | D:11     | Noticed a death yak
 12092 | D:11     | Noticed a death yak
 12099 | D:11     | Noticed a death yak
 12100 | D:11     | Killed a death yak
 12107 | D:11     | Noticed a five-headed hydra
 12119 | D:11     | Killed a death yak
 12119 | D:11     | Reached skill level 14 in Axes
 12126 | D:11     | Killed a death yak
 12141 | D:11     | Killed a 14-headed hydra
 12141 | D:11     | Gained mutation: You have a pair of large antennae on your head. (SInv) [demonic ancestry]
 12141 | D:11     | Reached XP level 12. HP: 58/86 MP: 12/15
 12269 | D:11     | Found a staircase to the Lair.
 12416 | Lair:1   | Entered Level 1 of the Lair of Beasts
 12416 | Lair:1   | Noticed Grum
 12439 | Lair:1   | Killed Grum
 12664 | Lair:1   | HP: 21/86 [poisoned by a black mamba]
 12669 | Lair:1   | HP: 14/86 [poisoned by a black mamba]
 12674 | Lair:1   | HP: 10/86 [poisoned by a black mamba]
 12680 | Lair:1   | HP: 6/86 [poisoned by a black mamba]
 12685 | Lair:1   | HP: 4/86 [poisoned by a black mamba]
 12690 | Lair:1   | HP: 4/86 [poisoned by a black mamba]
 12697 | Lair:1   | HP: 3/86 [poisoned by a black mamba]
 12705 | Lair:1   | HP: 3/86 [poisoned by a black mamba]
 13160 | Lair:1   | Reached skill level 15 in Axes
 13393 | Lair:1   | Noticed Erica
 13400 | Lair:1   | Killed Erica
 13431 | Lair:1   | Noticed a six-headed hydra
 13446 | Lair:1   | Killed a 14-headed hydra
 13446 | Lair:1   | Reached skill level 6 in Evocations
 13930 | Lair:2   | Noticed a death yak
 13930 | Lair:2   | Noticed a death yak
 13930 | Lair:2   | Noticed a death yak
 13930 | Lair:2   | Noticed a death yak
 13930 | Lair:2   | Noticed a death yak
 13938 | Lair:2   | Killed a death yak
 13939 | Lair:2   | Killed a death yak
 13939 | Lair:2   | Reached skill level 7 in Evocations
 13944 | Lair:2   | HP: 21/86 [death yak (8)]
 13945 | Lair:2   | Killed a death yak
 13951 | Lair:2   | Killed a death yak
 13966 | Lair:2   | Killed a death yak
 14482 | Lair:2   | Reached skill level 8 in Evocations
 15107 | Lair:3   | Found a runed gate.
 15107 | Lair:3   | Found a runed gate.
 15107 | Lair:3   | Found a runed gate.
 15117 | Lair:3   | Noticed Kufareon's ghost (journeyman OpFi)
 15892 | Lair:4   | Noticed a death yak
 15892 | Lair:4   | Noticed a death yak
 15892 | Lair:4   | Noticed a death yak
 15892 | Lair:4   | Noticed a death yak
 15894 | Lair:4   | Noticed a death yak
 15900 | Lair:4   | Noticed a death yak
 15906 | Lair:4   | Killed a death yak
 15906 | Lair:4   | Reached XP level 13. HP: 69/91 MP: 13/19
 15924 | Lair:4   | Reached skill level 16 in Axes
 16137 | Lair:4   | Reached skill level 6 in Fighting
 16156 | Lair:4   | Reached skill level 9 in Evocations
 16189 | Lair:4   | Noticed Nergalle
 16203 | Lair:4   | Killed Nergalle
 16298 | Lair:4   | Found a staircase to the Shoals.
 16306 | Lair:4   | Found a hole to the Spider Nest.
 16451 | Lair:4   | Found a runed door.
 17129 | Lair:5   | Reached skill level 7 in Fighting
 17172 | Lair:5   | Got a pair of distressingly furry gloves
 17183 | Lair:5   | Identified the +0 pair of gloves "Uziog" {Int+3} (You found it on level 5 of the Lair of Beasts)
 17359 | Lair:5   | Reached skill level 10 in Evocations
 17499 | Lair:5   | Got a pair of distressingly furry boots
 17511 | Lair:5   | Identified the +0 pair of boots "Yllull" {rF+} (You found it on level 5 of the Lair of Beasts)
 17930 | Lair:5   | Reached skill level 8 in Fighting
 17976 | Lair:6   | Entered Level 6 of the Lair of Beasts
 18219 | Lair:6   | Reached skill level 9 in Fighting
 18771 | Lair:6   | Reached skill level 10 in Fighting
 18790 | Lair:6   | Found a viscous altar of Jiyva.
 18790 | Lair:6   | Found a staircase to the Slime Pits.
 18794 | Lair:6   | Became a worshipper of Jiyva Jini the Shapeless
 19148 | Lair:6   | Reached XP level 14. HP: 80/110 MP: 16/21
 19835 | Orc:1    | Entered Level 1 of the Orcish Mines
 19914 | Orc:2    | Entered Level 2 of the Orcish Mines
 20188 | Orc:1    | Reached * piety under Jiyva
 20772 | Orc:2    | Found Butor's Book Boutique.
 20799 | Orc:2    | Found a roughly hewn altar of Beogh.
 20857 | Orc:2    | Reached skill level 6 in Shields
 20890 | Orc:2    | Reached ** piety under Jiyva
 20930 | Orc:2    | Reached *** piety under Jiyva
 20930 | Orc:2    | Lost mutation: You possess an exceptional clarity of mind. [Jiyva's grace]
 21001 | Orc:2    | Found Daex's Magic Scroll Shop.
 21027 | Orc:2    | Reached **** piety under Jiyva
 21029 | Orc:2    | Bought a scroll of brand weapon for 220 gold pieces
 21145 | Orc:2    | Gained mutation: You have a small jelly attached to you that senses nearby items. [Jiyva's grace]
 21244 | Orc:2    | Noticed Sonja
 21266 | Orc:2    | Killed Sonja
 21286 | Orc:2    | Gained mutation: You have large cloven feet. [Jiyva's grace]
 21294 | Orc:2    | Reached ***** piety under Jiyva
 21300 | Orc:2    | Reached skill level 6 in Armour
 21300 | Orc:2    | Reached skill level 6 in Dodging
 21361 | Orc:2    | Found a staircase to the Elven Halls.
 21421 | Orc:2    | Gained mutation: Your muscles are strong. (Str +2) [Jiyva's grace]
 21623 | Orc:2    | Noticed Saint Roka
 21627 | Orc:2    | Reached ****** piety under Jiyva
 21627 | Orc:2    | Gained mutation: You have supernaturally acute eyesight. (SInv) [Jiyva's grace]
 21639 | Orc:2    | Found a roughly hewn altar of Beogh.
 21656 | Orc:2    | HP: 19/111 [red devil/demon trident of venom[an orc high priest] (11)]
 21689 | Orc:2    | Gained mutation: Your rubbery body absorbs attacks. (AC +1, EV +1) [Jiyva's grace]
 21838 | Orc:2    | Gained mutation: Armour fits poorly on your pseudopods. [Jiyva's grace]
 21933 | Orc:2    | HP: 23/111 [Saint Roka/great sword of draining (9)]
 21938 | Orc:2    | HP: 13/111 [Saint Roka/divine providence (10)]
 21940 | Orc:2    | HP: 2/111 [Saint Roka/divine providence (12)]
 21951 | Orc:2    | Killed Saint Roka
 21953 | Orc:2    | Gained mutation: Your mind is acute. (Int +2) [Jiyva's grace]
 22349 | Orc:2    | Found Asinwa's Armour Shop.
 22350 | Orc:2    | Lost mutation: You have a small jelly attached to you that senses nearby items. [a neqoxec]
 22429 | Orc:2    | Found Huolie Ciova's Jewellery Boutique.
 22441 | Orc:2    | Bought the amulet "Byiv Ohyciq" {+Rage MR+ Str+5 Int+6} for 1059 gold pieces
 22526 | Orc:2    | Gained mutation: You are resistant to electric shocks. (rElec) [Jiyva's grace]
 22721 | Orc:2    | Reached skill level 11 in Evocations
 22907 | D:12     | Lost mutation: Your muscles are strong. (Str +2) [Jiyva's grace]
 22998 | D:12     | Gained mutation: You passively map a small area around you. [Jiyva's grace]
 23241 | D:12     | Reached skill level 11 in Fighting
 23361 | D:12     | Found a burning altar of Makhleb.
 23519 | D:13     | Found a labyrinth entrance.
 23526 | Lab      | Entered a labyrinth
 23617 | Lab      | Got a fine ring mail
 23622 | Lab      | Identified the +5 ring mail of Polish {rF+ rC++ Str-4} (You took it off a minotaur in a labyrinth)
 23628 | Lab      | Got a slimy ring mail
 23639 | Lab      | Identified the cursed +0 ring mail of the Eight Boll Weevils {MR+ Int+3} (You found it in a labyrinth)
 23806 | D:13     | Lost mutation: Your rubbery body absorbs attacks. (AC +1, EV +1) [Jiyva's grace]
 24091 | D:13     | Reached XP level 15. HP: 109/118 MP: 21/23
 24102 | D:13     | Gained mutation: Your body sometimes deteriorates upon taking damage. [Jiyva's grace]
 24490 | D:14     | Gained mutation: Your body has grown golden eyes which may confuse attackers. (Acc +3) [Jiyva's grace]
 24499 | D:14     | Reached skill level 7 in Shields
 24517 | D:14     | Reached skill level 7 in Armour
 24531 | D:14     | Reached skill level 7 in Dodging
 24568 | D:14     | Gained mutation: You are agile. (Dex +2) [Jiyva's grace]
 24624 | D:14     | Gained mutation: You are very agile. (Dex +4) [Jiyva's grace]
 24673 | D:14     | Found a gate to the Vaults.
 24688 | D:14     | Found a frozen archway.
 24712 | IceCv    | Entered an ice cave
 25170 | IceCv    | Noticed a frost giant
 25182 | IceCv    | Killed a frost giant
 25498 | D:14     | Found a sparkling altar of Nemelex Xobeh.
 25632 | D:14     | Found a glowing golden altar of the Shining One.
 25680 | D:15     | Entered Level 15 of the Dungeon
 25706 | D:15     | Found a staircase to the Depths.
 25834 | D:15     | Noticed Rupert
 25843 | D:15     | Killed Rupert
 25866 | D:15     | Gained mutation: Your mind is very acute. (Int +4) [Jiyva's grace]
 25944 | D:15     | Lost mutation: You passively map a small area around you. [Jiyva's grace]
 25993 | D:15     | Reached skill level 8 in Armour
 25993 | D:15     | Reached skill level 8 in Dodging
 25993 | D:15     | Reached skill level 8 in Shields
 25996 | D:15     | Gained mutation: Armour fits poorly on your large pseudopods. [Jiyva's grace]
 26184 | D:15     | Noticed Kirke
 26204 | D:15     | Noticed a sphinx
 26208 | D:15     | HP: 29/120 [sphinx[Kirke] (16)]
 26211 | D:15     | Killed Kirke
 26371 | D:15     | Found an ornate altar of the Wu Jian Council.
 26821 | Spider:1 | Entered Level 1 of the Spider Nest
 26932 | Spider:1 | Reached skill level 12 in Evocations
 26949 | Spider:1 | HP: 25/120 [disintegration (19)]
 26951 | Spider:1 | Gained mutation: When seriously injured, your bleeding wounds create very thick armour. (AC +12) [demonic ancestry]
 26951 | Spider:1 | Reached XP level 16. HP: 27/127 MP: 10/25
 26954 | Spider:1 | HP: 26/127 [poisoned by a redback]
 26960 | Spider:1 | HP: 26/127 [poisoned by a redback]
 26967 | Spider:1 | HP: 27/127 [poisoned by a redback]
 27058 | Spider:1 | Lost mutation: Your body sometimes deteriorates upon taking damage. [Jiyva's grace]
 27195 | Spider:1 | Reached skill level 12 in Fighting
 27592 | Spider:1 | Gained mutation: You are covered in slimy tendrils that may disarm your opponents. [Jiyva's grace]
 28201 | Spider:2 | Reached skill level 17 in Axes
 28290 | Spider:2 | HP: 17/127 [disintegration (29)]
 28741 | Spider:2 | Got a shimmering ivory ring
 29177 | Spider:2 | Identified the ring of Dikuh {+Fly MR+ SInv} (You found it on level 2 of the Spider Nest)
 29371 | Spider:3 | Lost mutation: You are resistant to electric shocks. (rElec) [Jiyva's grace]
 29451 | Spider:3 | Reached skill level 9 in Dodging
 29451 | Spider:3 | Reached skill level 9 in Shields
 29457 | Spider:3 | Reached skill level 9 in Armour
 29471 | Spider:3 | Lost mutation: You are very agile. (Dex +4) [Jiyva's grace]
 29733 | Spider:3 | Lost mutation: You have large cloven feet. [Jiyva's grace]
 30547 | D:14     | Gained mutation: Armour fits poorly on your massive pseudopods. [Jiyva's grace]
 30691 | Shoals:1 | Entered Level 1 of the Shoals
 30798 | Shoals:1 | Lost mutation: You are covered in slimy tendrils that may disarm your opponents. [Jiyva's grace]
 30840 | Shoals:1 | Lost mutation: You have supernaturally acute eyesight. (SInv) [Jiyva's grace]
 30963 | Shoals:1 | Lost mutation: Armour fits poorly on your massive pseudopods. [Jiyva's grace]
 31366 | Shoals:2 | Reached XP level 17. HP: 84/135 MP: 15/26
 31701 | Shoals:2 | Reached skill level 13 in Fighting
 31711 | Shoals:2 | Gained mutation: You expend magic power (3 MP) to strengthen your wands. [Jiyva's grace]
 32694 | Shoals:3 | Gained mutation: You are very agile. (Dex +4) [Jiyva's grace]
 32864 | Shoals:4 | Entered Level 4 of the Shoals
 33119 | Shoals:4 | Gained mutation: You possess an exceptional clarity of mind. [Jiyva's grace]
 33127 | Shoals:4 | Reached skill level 10 in Shields
 33158 | Shoals:4 | Reached skill level 10 in Dodging
 33166 | Shoals:4 | Reached skill level 10 in Armour
 33192 | Shoals:4 | Gained mutation: Your spells are a little easier to cast, but a little less powerful. [Jiyva's grace]
 33236 | Shoals:4 | Got a warped chain mail
 33237 | Shoals:4 | Identified the +9 chain mail "Keunox" {Dex+2} (You found it on level 4 of the Shoals)
 33374 | Shoals:4 | Gained mutation: You are somewhat resistant to further mutation. [Jiyva's grace]
 33483 | Shoals:4 | Got a pair of encrusted boots
 33484 | Shoals:4 | Identified the cursed +0 pair of boots of Divine Compulsion {*Contam +Inv rN+++ Stlth-} (You found it on level 4 of the Shoals)
 33665 | Shoals:4 | Lost mutation: Armour fits poorly on your large pseudopods. [Jiyva's grace]
 33670 | Shoals:4 | Got an opalescent robe
 33670 | Shoals:4 | Got a steaming iron amulet
 33710 | Shoals:4 | Noticed Louise
 33720 | Shoals:4 | Killed Louise
 33958 | Shoals:4 | Gained mutation: You have acidic saliva. [Jiyva's grace]
 33983 | Shoals:4 | Got a barnacled rune of Zot
 34387 | Shoals:4 | Noticed a kraken
 34396 | Shoals:4 | Killed a kraken
 34480 | Shoals:4 | Gained mutation: Your muscles are strong. (Str +2) [Jiyva's grace]
 34482 | Shoals:4 | Got a steaming marble ring
 34534 | Shoals:4 | Identified the amulet "Arismic" {Gourm *Corrode +Fly rPois Int+5} (You took it off a merfolk siren on level 4 of the Shoals)
 34535 | Shoals:4 | Identified the ring of Cerhair {rF+ rC+ Str+4 Dex+4 Stlth-} (You took it off a merfolk on level 4 of the Shoals)
 35276 | Lair:4   | Got an ancient diamond amulet
 35281 | Lair:4   | Identified the amulet of Nomoavab {Faith +Blink Str+2 Slay-3} (You found it on level 4 of the Lair of Beasts)
 35559 | Vaults:1 | Entered Level 1 of the Vaults
 35713 | Vaults:1 | Lost mutation: You can translocate small distances at will. [Jiyva's grace]
 35727 | Vaults:1 | Lost mutation: Your spells are a little easier to cast, but a little less powerful. [Jiyva's grace]
 35735 | Vaults:1 | Gained mutation: You are covered in fur. (AC +1) [Jiyva's grace]
 35743 | Vaults:1 | Reached XP level 18. HP: 129/145 MP: 27/27
 35751 | Vaults:1 | Lost mutation: Your mind is very acute. (Int +4) [Jiyva's grace]
 35954 | Vaults:1 | Reached skill level 18 in Axes
 36050 | Vaults:1 | Lost mutation: Your mind is acute. (Int +2) [Jiyva's grace]
 36211 | Vaults:1 | Reached skill level 14 in Fighting
 36293 | Vaults:1 | Reached skill level 11 in Shields
 36295 | Vaults:1 | Reached skill level 11 in Dodging
 36301 | Vaults:1 | Reached skill level 11 in Armour
 36670 | Vaults:2 | Gained mutation: You are covered in slimy tendrils that may disarm your opponents. [Jiyva's grace]
 37135 | Vaults:2 | Lost mutation: You are somewhat resistant to further mutation. [Jiyva's grace]
 37145 | Vaults:2 | Found Nuewusab's Antique Armour Emporium.
 37148 | Vaults:2 | Bought a jewelled chain mail for 408 gold pieces
 37158 | Vaults:2 | Identified the +2 chain mail of Creativity {rPois Str+4 Stlth+} (You bought it in a shop on level 2 of the Vaults)
 37159 | Vaults:2 | Lost mutation: Armour fits poorly on your pseudopods. [Jiyva's grace]
 37191 | Vaults:2 | Found Qaoleh's Armour Shoppe.
 37289 | Vaults:2 | Found Ysaqyij's Book Shoppe.
 37386 | Vaults:2 | Found Bikhlin's Book Emporium.
 37530 | Vaults:2 | Gained mutation: Your natural rate of healing is unusually fast. [Jiyva's grace]
 37822 | Vaults:2 | Lost mutation: Your muscles are strong. (Str +2) [Jiyva's grace]
 38220 | Vaults:3 | Lost mutation: You expend magic power (3 MP) to strengthen your wands. [Jiyva's grace]
 38311 | Vaults:3 | Reached skill level 12 in Shields
 38325 | Vaults:3 | Reached XP level 19. HP: 154/154 MP: 28/28
 38338 | Vaults:3 | Found a staircase to the Crypt.
 38345 | Vaults:3 | Reached skill level 12 in Dodging
 38410 | Vaults:3 | Reached skill level 12 in Armour
 38495 | Vaults:3 | Lost mutation: You are covered in slimy tendrils that may disarm your opponents. [Jiyva's grace]
 38586 | Vaults:3 | Noticed Mara
 38591 | Vaults:3 | Noticed Mgcat's illusion
 38603 | Vaults:3 | Killed Mara
 38603 | Vaults:3 | Reached skill level 15 in Fighting
 39110 | Vaults:4 | Found Astrururph's Antique Armour Boutique.
 39126 | Vaults:4 | Lost mutation: You are very agile. (Dex +4) [Jiyva's grace]
 39159 | Vaults:4 | Gained mutation: You are covered in slimy tendrils that may disarm your opponents. [Jiyva's grace]
 39425 | Vaults:4 | Gained mutation: You are very agile. (Dex +4) [Jiyva's grace]
 39480 | Vaults:4 | Gained mutation: Your mind is acute. (Int +2) [Jiyva's grace]
 39504 | Vaults:4 | Lost mutation: Your body has grown golden eyes which may confuse attackers. (Acc +3) [Jiyva's grace]
 39610 | Vaults:4 | Gained mutation: You have sharp toenails. [Jiyva's grace]
 39800 | Vaults:4 | Lost mutation: Your mind is acute. (Int +2) [Jiyva's grace]
 39851 | Vaults:4 | Found the +2 ratskin cloak {+Rats rPois rN+ Str-1 Int-1 Dex+1}
 39923 | Vaults:4 | Reached skill level 13 in Dodging
 39923 | Vaults:4 | Reached skill level 13 in Shields
 39953 | Vaults:4 | Reached skill level 13 in Armour
 40159 | Vaults:4 | Lost mutation: You are very agile. (Dex +4) [Jiyva's grace]
 40181 | Vaults:4 | Lost mutation: You have acidic saliva. [Jiyva's grace]
 40556 | Elf:1    | Entered Level 1 of the Elven Halls
 40639 | Elf:1    | Found Igitose's Armour Shop.
 40694 | Elf:1    | Found Peggequi's Antique Armour Shop.
 40720 | Elf:1    | Found a runed gate.
 40720 | Elf:1    | Found a runed gate.
 40720 | Elf:1    | Found a runed gate.
 40782 | Elf:1    | Reached XP level 20. HP: 164/164 MP: 29/29
 40861 | Elf:1    | Lost mutation: You are covered in slimy tendrils that may disarm your opponents. [Jiyva's grace]
 41165 | Elf:1    | Gained mutation: Your flesh is heat resistant. (rF+) [Jiyva's grace]
 41218 | Elf:1    | Reached skill level 16 in Fighting
 41265 | Elf:1    | Gained mutation: You have supernaturally acute eyesight. (SInv) [Jiyva's grace]
 41320 | Elf:1    | Found Intaum's General Store.
 41536 | Elf:1    | Gained mutation: Armour fits poorly on your pseudopods. [Jiyva's grace]
 41845 | Elf:2    | Found a runed gate.
 41845 | Elf:2    | Found a runed gate.
 41863 | Elf:2    | Found a runed gate.
 42028 | Elf:2    | Gained mutation: You are very agile. (Dex +4) [Jiyva's grace]
 42066 | Elf:2    | Lost mutation: You are very agile. (Dex +4) [Jiyva's grace]
 42067 | Elf:2    | Upgraded the game from 0.22-a0-782-g038298e to 0.22-a0-799-g88f5e90
 42155 | Elf:2    | Gained mutation: You are robust. (+10% HP) [Jiyva's grace]
 42194 | Elf:2    | Lost mutation: Armour fits poorly on your pseudopods. [Jiyva's grace]
 42346 | Elf:2    | Gained mutation: Your flesh is very heat resistant. (rF++) [Jiyva's grace]
 42796 | Spider:4 | Entered Level 4 of the Spider Nest
 43738 | Spider:4 | Reached skill level 14 in Dodging
 43758 | Spider:4 | Reached skill level 14 in Armour
 43758 | Spider:4 | Reached skill level 14 in Shields
 43769 | Spider:4 | Got a gossamer rune of Zot
 44087 | Slime:1  | Entered Level 1 of the Pits of Slime
 44122 | Slime:5  | Entered Level 5 of the Pits of Slime
 44140 | Slime:5  | Noticed the Royal Jelly
 44141 | Slime:5  | Found a viscous altar of Jiyva.
 44141 | Slime:5  | Lost mutation: You are agile. (Dex +2) [Jiyva's grace]
 44145 | Slime:5  | Identified a scroll of acquirement
 44147 | Slime:5  | Lost mutation: You have sharp toenails. [Jiyva's grace]
 44149 | Slime:5  | Got a faintly humming plate armour
 44153 | Slime:5  | Gained mutation: Your muscles are strong. (Str +2) [Jiyva's grace]
 44160 | Slime:5  | Identified Hanett's Grimoire of Captivating Shape Shifting
 44160 | Slime:5  | Lost mutation: You have supernaturally acute eyesight. (SInv) [Jiyva's grace]
 44160 | Slime:5  | Gained mutation: Scrolls take you a little longer to read. [Jiyva's grace]
 44165 | Slime:5  | Got a fine tin ring
 44181 | Slime:5  | Identified the Tome of the Arsonist and Orientation
 44193 | Slime:5  | Got a steaming iron ring
 44204 | Slime:5  | Got a slimy rune of Zot
 44244 | Slime:5  | Identified the +1 plate armour of Pathos {Regen+ Str+4 Stlth+} (You found it on level 5 of the Pits of Slime)
 44246 | Slime:5  | Identified the ring "Huxeosic" {rElec rPois MP+9 Str-5 Stlth+} (You found it on level 5 of the Pits of Slime)
 44248 | Slime:5  | Identified the ring of the Dozen Tales {+Fly rPois rC+ MR- Int+3} (You found it on level 5 of the Pits of Slime)
 44533 | Depths:1 | Entered Level 1 of the Depths
 44626 | Depths:1 | Found a gateway to Hell.
 44652 | Depths:1 | Gained mutation: A meltable icy envelope protects you from harm. (AC +10) [demonic ancestry]
 44652 | Depths:1 | Reached XP level 21. HP: 176/189 MP: 26/30
 44719 | Depths:1 | Noticed Jorgrun
 44731 | Depths:1 | Killed Jorgrun
 44796 | Depths:1 | HP: 45/190 [daeva/divine providence (10)]
 44804 | Depths:1 | HP: 47/190 [daeva/eudemon blade of holy wrath (5)]
 44810 | Depths:1 | HP: 46/190 [daeva/eudemon blade of holy wrath (4)]
 44811 | Depths:1 | HP: 22/190 [daeva/eudemon blade of holy wrath (15)]
 44815 | Depths:1 | HP: 8/190 [daeva/divine providence (8)]
 44817 | Depths:1 | Killed from afar by a daeva

Vault maps used:
D:1:      dpeg_arrival_pits
D:2:      first_ration, minmay_octomino_c4, uniq_crazy_yiuf_cottage,
          uniq_sigmund
D:3:      chequers_temple_overflow_minitemple, grunt_ministairs_6
D:4:      lemuel_blue_sif_altar
D:5:      wad_lake_hut, solitary_fountain, serial_bayou_lagoon_b,
          uniq_blork_the_orc, uniq_menkaure, uniq_prince_ribbit1
D:6:      lemuel_ice_spiral_2, basic_altar
D:7:      temple_pool_b
D:8:      grunt_ogre_cave, grunt_decor_arrowhead
D:9:      laboratory, uniq_erolcha
D:10:     david_orc_5, ebering_ghost_funeral_grove
D:11:     dpeg_lair_monsters, basic_altar, uniq_maurice
D:12:     basic_altar
D:13:     lab_entry_generic
D:14:     david_vaults_2, tso_altar, portal_ice_cave_entry_imps, basic_altar
D:15:     hangedman_depths_entry_civil_slaughter, basic_altar, uniq_kirke,
          uniq_rupert
Temple:   compressed_dpeg_circular_temple
Lair:1:   uniq_grum, uniq_erica
Lair:3:   gammafunk_ghost_necromancy
Lair:4:   gammafunk_mikee_crab_dinner, shoals_dummy_entry,
          spider_nest_entry_web_field, uniq_nergalle
Lair:5:   statuecave_lemuel, st_stairs_4
Lair:6:   grunt_lair_end_beastmaster, dpeg_slime_entry_enclosed_altar,
          serial_bayou_shore_a
Shoals:1: nicolae_shoals_seven_spires
Shoals:2: nicolae_shoals_so_close
Shoals:3: nicolae_shoals_undead_eyrie
Shoals:4: shoals_end_simple, uniq_louise
Spider:2: hangedman_stitches_earthworm
Spider:3: nicolae_spider_cling_ruins
Spider:4: grunt_spider_rune_circles
Slime:4:  uniq_donald
Orc:2:    pubby_orc_utopia, uniq_sonja
Elf:1:    eino_elf_arrival_the_gate,
          ploomutoo_gammafunk_ghost_potion_laboratory, serial_shops, shop, shop,
          nicolae_shop_window_shopping, minmay_elf_crystal_hexagon,
          minmay_misc_feat_pillars, minivault_27, minmay_misc_feat_diagonals
Vaults:1: v_misc_11, nicolae_vaults_hallways_thing, vaults_mumra_hex, v_misc_33,
          v_alt_pattern_5, vaults_room_hallway, nicolae_vaults_specimen_jars,
          v_misc_24, vaults_room_grunt_arrival_checkpoint,
          nicolae_vaults_murderbox, vaults_dpeg_diagonal
Vaults:2: vaults_mumra_minichess, vaults_room_hallway, grunt_vaults_twisty,
          hangedman_vaults_corner_blocks, ontoclasm_vaults_ligature,
          st_more_cells, serial_ice_h, serial_shops, shop_statue,
          nicolae_shop_crystal, shop, shop_fountains
Vaults:3: v_alt_pattern_2, v_pattern_2, nicolae_vaults_rhombus_7,
          nicolae_vaults_display_case, grunt_vaults_focal,
          nicolae_vaults_network_square, vaults_room_fours,
          ontoclasm_vaults_ring_small, hangedman_vaults_cutoff,
          minmay_crypt_entry_simple_walls, uniq_mara
Vaults:4: hangedman_vaults_hat, v_misc_14, vaults_dpeg_ring,
          nicolae_vaults_puzzle_piece, nicolae_vaults_yaktaur_gun_rack,
          nicolae_vaults_quadrants, hangedman_vaults_restitches, v_misc_3,
          v_misc_30, ontoclasm_vaults_pinch, v_alt_pattern_1,
          ontoclasm_vaults_decontamination, vaults_room_stairs_pillars,
          serial_shops, nicolae_shop_statue_plus
Depths:1: enter_ziggurat_c, minmay_misc_feat_four_crosses, hell_entry,
          grunt_pan_entry_spiral, grunt_ministairs_12,
          brannock_guarded_unrand_thermic_engine, uniq_asterion, uniq_jorgrun,
          uniq_bai_suzhen
Lab:      labyrinth_green, nicolae_lab_do_over, labyrinth_lava_lair,
          labyrinth_skeletal_remains, lab_fountain, labyrinth_glass_1,
          nicolae_lab_grate
IceCv:    ice_cave_small_giant

Skill      XL: |  1  2  3  4  5  6  7  8  9 10 11 12 13 14 15 16 17 18 19 20 |
---------------+-------------------------------------------------------------+-----
Axes           | 2 3 4 6 10 12 14 15 16 17 18 | 18.2
Dodging        | 2 3 5 6 8 9 10 11 13 14 | 14.1
Armour         | 3 4 5 6 8 9 10 11 13 14 | 14.1
Shields        | 3 4 5 6 8 9 10 12 13 14 | 14.1
Fighting       | 4 5 10 11 12 13 14 15 16 | 16.8
Evocations     | 1 5 8 10 11 12 | 12.1

Action                   |  1- 3 |  4- 6 |  7- 9 | 10-12 | 13-15 | 16-18 | 19-21 || total
-------------------------+-------+-------+-------+-------+-------+-------+-------++-------
Melee: War axe           |   118 |   298 |   562 |   814 |   669 |       |       ||  2461
       Broad axe         |       |       |       |       |   561 |  1403 |  1149 ||  3113
       Pseudopods        |       |       |       |       |   192 |   395 |    51 ||   638
       Unarmed           |       |       |       |       |    19 |       |       ||    19
       Bite              |       |       |       |       |       |   123 |    99 ||   222
Invok: Request Jelly     |       |       |       |       |     2 |       |     5 ||     7
       Slimify           |       |       |       |       |       |       |     1 ||     1
 Abil: Evoke Berserk Rag |       |       |       |       |     1 |     1 |     1 ||     3
       Evoke Flight      |       |       |       |       |       |     8 |     1 ||     9
       Evoke Invisibilit |       |       |       |       |       |       |     2 ||     2
       Evoke Ratskin     |       |       |       |       |       |       |     1 ||     1
Evoke: Wand              |       |       |       |    27 |    28 |     9 |     4 ||    68
       Phial of floods   |       |       |       |     1 |       |       |       ||     1
  Use: Potion            |     2 |     1 |     8 |     6 |    12 |     3 |     5 ||    37
       Scroll            |       |       |    14 |    18 |    15 |     8 |     5 ||    60
 Stab: Paralysed         |       |       |       |    34 |    31 |       |       ||    65
       Invisible         |       |       |       |     3 |       |       |    22 ||    25
       Petrified         |       |       |       |       |     3 |       |       ||     3
       Confused          |       |       |       |       |    13 |    11 |    11 ||    35
       Petrifying        |       |       |       |       |     1 |       |       ||     1
       Fleeing           |       |       |       |       |     1 |       |       ||     1
       Distracted        |       |       |       |       |       |     1 |     2 ||     3
  Eat: Chunk             |       |     8 |    13 |    20 |    17 |       |       ||    58
       Ration            |       |       |     3 |     1 |       |       |       ||     4
Armor: Scale mail        |    44 |    98 |   190 |    99 |       |       |       ||   431
       Skin              |       |       |     1 |       |     3 |       |       ||     4
       Plate armour      |       |       |       |   181 |   367 |   320 |    65 ||   933
       Chain mail        |       |       |       |       |       |    32 |   216 ||   248
Dodge: Dodged            |    38 |    96 |   315 |   323 |   571 |   630 |   512 ||  2485
       Deflected         |       |       |       |       |    17 |    52 |     7 ||    76
Block: Shield            |    68 |   153 |       |       |       |   624 |   702 ||  1547
       Buckler           |       |     8 |   156 |   161 |   278 |   125 |       ||   728

Table legend:
 A = Spawn XP
 B = Non-spawn XP
 C = Spawn XP percentage of total XP
 D = Spawn monster count
 E = Non-spawn monster count
 F = Spawn count percentage of total count
 G = Total turns spent on level
                    A         B        C        D         E        F      G
               +---------+---------+-------+---------+---------+-------+---------
         Total |       0 |  598286 |   0.0 |       0 |    1612 |   0.0 | 44817
               +---------+---------+-------+---------+---------+-------+---------
           D:1 |       0 |      59 |   0.0 |       0 |      31 |   0.0 |   820
           D:2 |       0 |     382 |   0.0 |       0 |      38 |   0.0 |  1192
           D:3 |       0 |     231 |   0.0 |       0 |      40 |   0.0 |   931
           D:4 |       0 |     450 |   0.0 |       0 |      26 |   0.0 |   955
           D:5 |       0 |     917 |   0.0 |       0 |      15 |   0.0 |  1434
           D:6 |       0 |     605 |   0.0 |       0 |      17 |   0.0 |  1282
           D:7 |       0 |    1334 |   0.0 |       0 |      29 |   0.0 |  1032
           D:8 |       0 |    2004 |   0.0 |       0 |      38 |   0.0 |  1723
           D:9 |       0 |    2797 |   0.0 |       0 |      36 |   0.0 |   729
          D:10 |       0 |    4443 |   0.0 |       0 |      70 |   0.0 |  1371
          D:11 |       0 |    9503 |   0.0 |       0 |      62 |   0.0 |  1164
          D:12 |       0 |    2024 |   0.0 |       0 |      19 |   0.0 |   716
          D:13 |       0 |    5204 |   0.0 |       0 |      24 |   0.0 |   941
          D:14 |       0 |   14772 |   0.0 |       0 |      42 |   0.0 |   809
          D:15 |       0 |   22036 |   0.0 |       0 |      36 |   0.0 |   998
        Lair:1 |       0 |    5451 |   0.0 |       0 |      19 |   0.0 |  1321
        Lair:2 |       0 |    6921 |   0.0 |       0 |      20 |   0.0 |  1155
        Lair:3 |       0 |    1571 |   0.0 |       0 |       6 |   0.0 |  1443
        Lair:4 |       0 |   23098 |   0.0 |       0 |      38 |   0.0 |  1898
        Lair:5 |       0 |    7110 |   0.0 |       0 |      18 |   0.0 |  1300
        Lair:6 |       0 |   18558 |   0.0 |       0 |      51 |   0.0 |  1513
      Shoals:1 |       0 |   16528 |   0.0 |       0 |      34 |   0.0 |   660
      Shoals:2 |       0 |    6822 |   0.0 |       0 |      16 |   0.0 |   898
      Shoals:3 |       0 |    6357 |   0.0 |       0 |      16 |   0.0 |   676
      Shoals:4 |       0 |   38209 |   0.0 |       0 |      66 |   0.0 |  1744
      Spider:1 |       0 |    6922 |   0.0 |       0 |      21 |   0.0 |  1729
      Spider:2 |       0 |   18681 |   0.0 |       0 |      54 |   0.0 |   788
      Spider:3 |       0 |   22863 |   0.0 |       0 |      60 |   0.0 |  1116
      Spider:4 |       0 |   42053 |   0.0 |       0 |      80 |   0.0 |  1138
         Orc:1 |       0 |     667 |   0.0 |       0 |      13 |   0.0 |   408
         Orc:2 |       0 |   22137 |   0.0 |       0 |     140 |   0.0 |  2692
         Elf:1 |       0 |   18891 |   0.0 |       0 |      30 |   0.0 |  1012
         Elf:2 |       0 |   46609 |   0.0 |       0 |      64 |   0.0 |   968
      Vaults:1 |       0 |   31425 |   0.0 |       0 |      62 |   0.0 |   943
      Vaults:2 |       0 |   52625 |   0.0 |       0 |      69 |   0.0 |  1486
      Vaults:3 |       0 |   32006 |   0.0 |       0 |      35 |   0.0 |  1121
      Vaults:4 |       0 |   74381 |   0.0 |       0 |     111 |   0.0 |  1262
      Depths:1 |       0 |   20068 |   0.0 |       0 |      26 |   0.0 |   284
           Lab |       0 |    2256 |   0.0 |       0 |       4 |   0.0 |   137
         IceCv |       0 |    9316 |   0.0 |       0 |      36 |   0.0 |   652
               +---------+---------+-------+---------+---------+-------+---------

Vault maps used:
D:1:      dpeg_arrival_pits
D:2:      first_ration, minmay_octomino_c4, uniq_crazy_yiuf_cottage,
          uniq_sigmund
D:3:      chequers_temple_overflow_minitemple, grunt_ministairs_6
D:4:      lemuel_blue_sif_altar
D:5:      wad_lake_hut, solitary_fountain, serial_bayou_lagoon_b,
          uniq_blork_the_orc, uniq_menkaure, uniq_prince_ribbit1
D:6:      lemuel_ice_spiral_2, basic_altar
D:7:      temple_pool_b
D:8:      grunt_ogre_cave, grunt_decor_arrowhead
D:9:      laboratory, uniq_erolcha
D:10:     david_orc_5, ebering_ghost_funeral_grove
D:11:     dpeg_lair_monsters, basic_altar, uniq_maurice
D:12:     basic_altar
D:13:     lab_entry_generic
D:14:     david_vaults_2, tso_altar, portal_ice_cave_entry_imps, basic_altar
D:15:     hangedman_depths_entry_civil_slaughter, basic_altar, uniq_kirke,
          uniq_rupert
Temple:   compressed_dpeg_circular_temple
Lair:1:   uniq_grum, uniq_erica
Lair:3:   gammafunk_ghost_necromancy
Lair:4:   gammafunk_mikee_crab_dinner, shoals_dummy_entry,
          spider_nest_entry_web_field, uniq_nergalle
Lair:5:   statuecave_lemuel, st_stairs_4
Lair:6:   grunt_lair_end_beastmaster, dpeg_slime_entry_enclosed_altar,
          serial_bayou_shore_a
Shoals:1: nicolae_shoals_seven_spires
Shoals:2: nicolae_shoals_so_close
Shoals:3: nicolae_shoals_undead_eyrie
Shoals:4: shoals_end_simple, uniq_louise
Spider:2: hangedman_stitches_earthworm
Spider:3: nicolae_spider_cling_ruins
Spider:4: grunt_spider_rune_circles
Slime:4:  uniq_donald
Orc:2:    pubby_orc_utopia, uniq_sonja
Elf:1:    eino_elf_arrival_the_gate,
          ploomutoo_gammafunk_ghost_potion_laboratory, serial_shops, shop, shop,
          nicolae_shop_window_shopping, minmay_elf_crystal_hexagon,
          minmay_misc_feat_pillars, minivault_27, minmay_misc_feat_diagonals
Vaults:1: v_misc_11, nicolae_vaults_hallways_thing, vaults_mumra_hex, v_misc_33,
          v_alt_pattern_5, vaults_room_hallway, nicolae_vaults_specimen_jars,
          v_misc_24, vaults_room_grunt_arrival_checkpoint,
          nicolae_vaults_murderbox, vaults_dpeg_diagonal
Vaults:2: vaults_mumra_minichess, vaults_room_hallway, grunt_vaults_twisty,
          hangedman_vaults_corner_blocks, ontoclasm_vaults_ligature,
          st_more_cells, serial_ice_h, serial_shops, shop_statue,
          nicolae_shop_crystal, shop, shop_fountains
Vaults:3: v_alt_pattern_2, v_pattern_2, nicolae_vaults_rhombus_7,
          nicolae_vaults_display_case, grunt_vaults_focal,
          nicolae_vaults_network_square, vaults_room_fours,
          ontoclasm_vaults_ring_small, hangedman_vaults_cutoff,
          minmay_crypt_entry_simple_walls, uniq_mara
Vaults:4: hangedman_vaults_hat, v_misc_14, vaults_dpeg_ring,
          nicolae_vaults_puzzle_piece, nicolae_vaults_yaktaur_gun_rack,
          nicolae_vaults_quadrants, hangedman_vaults_restitches, v_misc_3,
          v_misc_30, ontoclasm_vaults_pinch, v_alt_pattern_1,
          ontoclasm_vaults_decontamination, vaults_room_stairs_pillars,
          serial_shops, nicolae_shop_statue_plus
Depths:1: enter_ziggurat_c, minmay_misc_feat_four_crosses, hell_entry,
          grunt_pan_entry_spiral, grunt_ministairs_12,
          brannock_guarded_unrand_thermic_engine, uniq_asterion, uniq_jorgrun,
          uniq_bai_suzhen
Lab:      labyrinth_green, nicolae_lab_do_over, labyrinth_lava_lair,
          labyrinth_skeletal_remains, lab_fountain, labyrinth_glass_1,
          nicolae_lab_grate
IceCv:    ice_cave_small_giant

Table legend:
 A = Turns spent in this place as a percentage of turns spent in the entire game.
 B = Non-inter-level travel turns spent in this place as a percentage of non-inter-level travel turns spent in the entire game.
 C = Inter-level travel turns spent in this place as a percentage of turns spent in this place.
 D = Turns resting spent in this place as a percentage of non-inter-level travel turns spent in this place.
 E = Turns spent auto-exploring this place as a percentage of non-inter-level travel turns spent in this place.
 F = Non-inter-level travel turns spent in this place divided by the number of levels of this place that you've seen.
                   A       B       C       D       E      F
               +-------+-------+-------+-------+-------+----------------------
         Total | 100.0 | 100.0 |   8.4 |   8.7 |  63.4 | 892.7
       Dungeon |  35.9 |  35.4 |   9.8 |   7.3 |  67.2 | 968.1
        Temple |   0.3 |   0.3 |   9.9 |   0.0 |  68.8 | 109.0
          Lair |  19.3 |  18.4 |  12.4 |  16.7 |  65.7 | 1260.2
        Shoals |   8.9 |   9.3 |   4.3 |   3.7 |  63.9 | 952.0
   Spider Nest |  10.6 |  10.9 |   6.1 |   8.7 |  60.0 | 1120.2
    Slime Pits |   0.6 |   0.5 |  27.1 |   0.0 |  18.8 |  37.2
  Orcish Mines |   6.9 |   6.9 |   8.5 |  21.7 |  50.7 | 1418.0
   Elven Halls |   4.4 |   4.5 |   5.8 |   0.0 |  67.7 | 932.5
        Vaults |  10.7 |  11.3 |   3.9 |   0.0 |  68.7 | 1155.5
        Depths |   0.6 |   0.7 |   0.0 |   0.0 |  25.7 | 284.0
     Labyrinth |   0.3 |   0.3 |   0.0 |   1.5 |   0.0 | 137.0
      Ice Cave |   1.5 |   1.6 |   0.0 |  15.2 |  23.3 | 652.0
               +-------+-------+-------+-------+-------+----------------------

Table legend:
 A = Kills in this place as a percentage of kills in entire the game.
 B = Kills by you in this place as a percentage of kills by you in the entire game.
 C = Kills by friends in this place as a percentage of kills by friends in the entire game.
 D = Other kills in this place as a percentage of other kills in the entire game.
 E = Experience gained in this place as a percentage of experience gained in the entire game.
 F = Experience gained in this place divided by the number of levels of this place that you have seen.
                   A       B       C       D       E      F
               +-------+-------+-------+-------+-------+----------------------
         Total | 100.0 | 100.0 | 100.0 | 100.0 | 100.0 | 13006.2
       Dungeon |  32.4 |  32.4 |  50.0 |  37.5 |  11.2 | 4450.7
          Lair |   9.4 |   9.5 |   0.0 |   0.0 |  10.5 | 10451.5
        Shoals |   8.2 |   8.2 |   0.0 |   0.0 |  11.4 | 16979.0
   Spider Nest |  13.3 |  13.4 |   0.0 |   0.0 |  15.1 | 22629.8
  Orcish Mines |   9.5 |   9.5 |  50.0 |   0.0 |   3.8 | 11402.0
   Elven Halls |   5.8 |   5.9 |   0.0 |   0.0 |  10.9 | 32750.0
        Vaults |  17.2 |  17.0 |   0.0 |  50.0 |  31.8 | 47609.2
        Depths |   1.6 |   1.6 |   0.0 |  12.5 |   3.4 | 20068.0
     Labyrinth |   0.2 |   0.2 |   0.0 |   0.0 |   0.4 | 2256.0
      Ice Cave |   2.2 |   2.2 |   0.0 |   0.0 |   1.6 | 9316.0
               +-------+-------+-------+-------+-------+----------------------
